 Dungeon Crawl Stone Soup version 0.29-a0-509-g793eeb5391 (webtiles) character file.

Game seed: 6420002674249514742

272600 27snakeeyes612 the Warrior (level 19, -23/187 HPs)
             Began as a Minotaur Berserker on May 29, 2022.
             Was the Champion of Trog.
             Annihilated by a dire elephant (41 damage)
             ... summoned by a boggart
             ... on level 2 of the Vaults.
             The game lasted 00:54:55 (37286 turns).

27snakeeyes612 the Warrior (Minotaur Berserker)    Turns: 37286, Time: 00:54:56

Health: -23/187    AC: 40    Str: 29      XL:     19   Next: 48%
Magic:  18/18      EV: 12    Int:  0 (1)  God:    Trog [******]
Gold:   2625       SH: 14    Dex: 11      Spells: 18/18 levels left

rFire   + . .      SeeInvis .   M - +4 broad axe (elec)
rCold   . . .      Faith    .   Z - +1 kite shield {rN+}
rNeg    + + +      Spirit   .   L - +4 crystal plate armour
rPois   .          Reflect  .   c - +2 hat
rElec   .          Harm     .   I - +0 cloak {rCorr}
rCorr   +          Rampage  +   E - +2 pair of gloves
Will    ++++.                   A - +0 pair of boots {rampage}
Stlth   ..........              v - amulet of regeneration
HPRegen 2.21/turn               z - ring of willpower
MPRegen 0.16/turn               y - ring "Jifyaf" {rF+ rN++ Int-3 Slay+2 Stlth+}

@: strong-willed, on berserk cooldown, regenerating, slowed, lost intelligence,
unable to read, very slow
A: horns 2, retaliatory headbutt
}: 2/15 runes: serpentine, barnacled
a: Renounce Religion, Berserk, Trog's Hand, Brothers in Arms


You were on level 2 of the Vaults.
You worshipped Trog.
Trog was exalted by your worship.
You visited 6 branches of the dungeon, and saw 33 of its levels.
You visited the Abyss 1 time.
You also visited: Ossuary.

You collected 2805 gold pieces.
You spent 180 gold pieces at shops.

Inventory:

Hand Weapons
 r - a +1 vampiric hand axe
 K - a +2 battleaxe of flaming
 M - a +4 broad axe of electrocution (weapon)
Missiles
 a - 4 throwing nets (quivered)
Armour
 c - a +2 hat (worn)
 n - a +2 chain mail of poison resistance
 A - a +0 pair of boots of rampaging (worn)
 E - a +2 pair of gloves (worn)
 I - a +0 cloak of preservation (worn)
 L - a +4 crystal plate armour (worn)
 Q - the +0 pair of boots "Linamiow" {Dex+5}
   (You found it on level 2 of the Shoals)

   Dex:       It affects your dexterity (+5).
 Z - a +1 kite shield of positive energy (worn)
Jewellery
 e - an amulet of the acrobat
 v - an amulet of regeneration (around neck)
 w - a ring of fire
 y - the ring "Jifyaf" (right hand) {rF+ rN++ Int-3 Slay+2 Stlth+}
   (You found it on level 3 of the Shoals)

   [ring of protection from fire]

   Int:       It affects your intelligence (-3).
   Slay:      It affects your accuracy & damage with ranged weapons and melee
   (+2).
   rF:        It protects you from fire.
   rN:        It greatly protects you from negative energy.
   Stlth:     It makes you more stealthy.
 z - a ring of willpower (left hand)
 B - a ring of magical power
 H - a ring of willpower
 R - a ring of protection from cold
 S - a ring of flight
 X - a ring of see invisible
 Y - a ring of positive energy
Wands
 u - a wand of paralysis (12)
 F - a wand of mindburst (8)
 G - a wand of iceblast (57)
 J - a wand of acid (14)
 P - a wand of digging (9)
 U - a wand of charming (5)
 W - a wand of flame (31)
Scrolls
 g - 3 scrolls of brand weapon
 k - 2 scrolls of blinking
 l - 6 scrolls of fear
 m - 18 scrolls of identify
 q - 5 scrolls of immolation
 D - 2 scrolls of magic mapping
 N - 2 scrolls of enchant armour
 O - a scroll of fog
 T - 7 scrolls of teleportation
 V - 2 scrolls of silence
Potions
 b - a potion of heal wounds
 d - 7 potions of mutation
 f - 9 potions of attraction
 h - 7 potions of might
 i - a potion of resistance
 j - a potion of berserk rage
 o - 4 potions of lignification
 p - 12 potions of flight
 s - 7 potions of haste
 t - a potion of cancellation
 x - 12 potions of curing
 C - 5 potions of invisibility


   Skills:
 + Level 20.7 Fighting
 - Level 18.5 Axes
 + Level 20.5 Armour
 + Level 19.0 Dodging
 + Level 16.8 Shields


You had 18 spell levels left.
You didn't know any spells.
Your spell library was empty.

Dungeon Overview and Level Annotations

Branches:
Dungeon (15/15)            Temple (0/1) D:7            Lair (6/6) D:8
 Shoals (4/4) Lair:3        Snake (4/4) Lair:4        Slime (0/5) Lair:6
    Orc (2/2) D:11            Elf (0/3) Orc:2        Vaults (2/5) D:13
 Depths (0/4) D:15        Ossuary (visited)
  Crypt: Vaults:2-3

Altars:
Cheibriados
Elyvilon
Kikubaaqudgha
Qazlal
Wu Jian
Beogh
Jiyva
Lugonu

Shops:
D:4 (   D:8 (   D:9 (   Orc:1 [   Orc:2 [[=!

Portals:
Abyss: Lair:6

Annotations:
D:12 exclusion: obsidian statue
D:14 exclusion: obsidian statue
Vaults:1 2 transporters, exclusion: orange crystal statue


Innate Abilities, Weirdness & Mutations

You have a pair of horns on your head.
You reflexively headbutt those who attack you in melee.


Message History

The ironbound convoker casts a spell at the dire elephant.
The dire elephant seems to grow stronger.
The dire elephant barely misses you. The dire elephant trunk-slaps you.
You slash the ironbound convoker!
You kill the ironbound convoker!
Trog accepts your kill.
Trog appreciates your killing of a magic user.
You slash the dire elephant!
Lightning courses through the dire elephant!
You slash the great orb of eyes! You slash the dire elephant!
A freezing mist starts to gather...
An ironbound convoker simulacrum comes into view.
The great orb of eyes bites you but does no damage.
The dire elephant attacks as you move away!
You block the dire elephant's attack.
The dire elephant trunk-slaps you but does no damage.
The dire elephant tramples you!!!
* * * LOW HITPOINT WARNING * * *
You stumble backwards!
The deep troll earth mage simulacrum bites you.
* * * LOW HITPOINT WARNING * * *
The deep troll earth mage simulacrum freezes you!!
* * * LOW HITPOINT WARNING * * *
The deep troll earth mage simulacrum claws you but does no damage.
You block the deep troll earth mage simulacrum's attack.
You slice the dire elephant!! You headbutt the dire elephant!
The dire elephant is severely wounded.
You hit the deep troll earth mage simulacrum but do no damage.
You slice the deep troll simulacrum!!
The deep troll simulacrum vaporises!
You block the dire elephant's attack. The dire elephant barely misses you.
You slice the dire elephant!!
The dire elephant is almost dead.
You slice the deep troll earth mage simulacrum!!
The deep troll earth mage simulacrum vaporises!
You barely miss the great orb of eyes.
You are no longer berserk.
You are exhausted.
You feel yourself slow down. The dire elephant tramples you!!!
You die...

#... ..## #...#.#.#.#.#
#...#...#...##
#...#...#....#
#.......#....#
#.......#....#
#............#
#....####..#.#
#.........@..#
#...###.TYYG.# #...#
#..{..Z# #...# #..<.).#
#...# #.)))[.# #...#
#......#
#...#######'###############
#...............T..........
#................p.........


You could see 2 dire elephants, a great orb of eyes (summoned), a deep troll
(summoned) and an ironbound convoker simulacrum.

Vanquished Creatures
  Saint Roka (Snake:3)
  A titan (Shoals:4)
  A sphinx (Vaults:2)
  Kirke (Snake:3)
  A tengu reaver (Vaults:1)
  Roxanne (D:14)
  3 nagarajas
  The ghost of Siov the Stormcaller, a journeyman BaAE of Ashenzari (Snake:3)
  10 vault wardens
  3 orc warlords
  A fire giant (Vaults:1)
  2 deep elf sorcerers (Vaults:2)
  4 ironbound preservers
  4 very ugly things (Vaults:1)
  A dire elephant (Lair:2)
  An ettin (Vaults:1)
  4 merfolk javelineers
  9 merfolk impalers
  Josephine (D:15)
  2 deep elf high priests
  A ragged hierophant (Vaults:1)
  3 great orbs of eyes (Vaults:1)
  4 yaktaur captains
  3 boulder beetles
  7 hydras
  4 salamander tyrants (Snake:4)
  A peacekeeper (Vaults:1)
  2 ogre magi (D:15)
  6 ironbound frosthearts
  2 catoblepae
  An alligator snapping turtle (Shoals:4)
  A merfolk avatar (Shoals:1)
  16 anacondas
  7 naga warriors
  7 centaur warriors
  3 merfolk aquamancers
  4 tengu warriors
  13 two-headed ogres
  9 death yaks
  A deep troll earth mage (Vaults:2)
  12 shock serpents
  3 thrashing horrors (Lair:6)
  3 orc high priests (Orc:2)
  A sun demon (Abyss:2)
  8 naga sharpshooters
  Amaemon (D:11)
  2 glowing orange brains (Vaults:2)
  5 salamander mystics
  15 sea snakes
  12 deep trolls
  7 naga ritualists
  14 harpies
  9 lindwurms
  5 wizards
  10 ironbound convokers
  11 orc knights
  16 mana vipers
  7 ugly things
  A deep elf pyromancer (D:15)
  An oklob plant (Lair:3)
  6 orc sorcerers
  A wolf spider (D:15)
  3 necromancers
  10 salamanders
  8 fauns
  A salamander (shapeshifter) (Lair:6)
  2 cyclopes (D:15)
  9 manticores
  5 merfolk sirens
  6 elephants
  6 guardian serpents
  6 torpor snails
  6 water nymphs
  54 black mambas
  A black mamba (shapeshifter) (D:15)
  6 vault sentinels
  A centaur skeleton (D:15)
  12 naga magi
  A smoke demon (Lair:6)
  A gargoyle (D:10)
  18 cane toads
  An orange demon (D:11)
  A freezing wraith (D:14)
  17 yaktaurs
  A kobold demonologist (D:9)
  4 rime drakes
  9 komodo dragons
  2 efreet
  2 polar bears
  2 ancient zymes
  A meliai (shapeshifter) (D:15)
  10 trolls
  9 wind drakes
  A harpy zombie (D:15)
  18 merfolk
  A saltling (Vaults:1)
  3 meliai (D:15)
  A troll (shapeshifter) (Lair:6)
  Prince Ribbit (Lair:2)
  19 slime creatures
  A meliai zombie (D:15)
  Grinder (D:5)
  12 blink frogs
  8 snapping turtles
  11 dream sheep
  6 air elementals (Shoals:4)
  A culicivora (shapeshifter) (Lair:6)
  2 spriggans (Lair:6)
  2 shadows (D:11)
  16 water elementals
  9 wyverns
  3 ynoxinuls
  8 wraiths
  58 yaks
  A vampire (D:12)
  A steam dragon (D:6)
  5 basilisks
  A redback (shapeshifter) (D:13)
  A large abomination (Lair:6)
  8 vampire mosquitoes
  23 nagas
  A warg (Orc:2)
  4 acid dragons
  24 water moccasins
  40 orc warriors
  4 black bears
  2 ice beasts
  3 sky beasts
  15 ogres
  19 centaurs
  A phantom (D:6)
  25 wolves
  9 small abominations (Lair:6)
  Blork the orc (D:4)
  12 bullfrogs
  2 kobold brigands
  3 gnoll sergeants
  11 scorpions
  13 killer bees
  A troll skeleton (D:10)
  5 spriggan skeletons (D:10)
  A vampire bat (D:8)
  5 electric eels
  5 howler monkeys
  3 jellies
  2 centaur zombies (Ossuary)
  A human zombie (Ossuary)
  3 hounds
  2 gnoll shamans
  36 orc priests
  3 iguanas
  7 hell rats (Lair:2)
  7 scorpion zombies (Ossuary)
  20 orc wizards
  3 mummies (Ossuary)
  17 gnolls
  5 adders
  4 shadow imps
  A white imp (D:7)
  2 ufetubi (D:7)
  4 dart slugs
  102 orcs
  6 ball pythons
  8 bats
  3 bat zombies (D:10)
  4 endoplasms
  2 giant cockroaches (D:1)
  10 goblins
  9 hobgoblins
  4 jackals (D:3)
  5 quokkas
  3 frilled lizards
  2 gnoll zombies (Ossuary)
  5 goblin zombies (Ossuary)
  A hobgoblin zombie (Ossuary)
  20 kobolds
  2 kobold zombies (Ossuary)
  2 orc zombies (Ossuary)
  2 rats
  3 rat zombies (D:10)
1253 creatures vanquished.

Vanquished Creatures (collateral kills)
  Vashnia (Snake:4)
  Rupert (Lair:4)
  Polyphemus (Shoals:4)
  Nessos (D:15)
  2 merfolk javelineers (Shoals:4)
  A merfolk aquamancer (Shoals:4)
  A catoblepas (Shoals:4)
  A tengu warrior (D:15)
  A naga sharpshooter (Snake:4)
  3 merfolk (Shoals:4)
  A wind drake (Shoals:4)
  A water elemental (Shoals:4)
  A sky beast (D:7)
16 creatures vanquished.

Vanquished Creatures (others)
  An orc high priest (Orc:2)
  3 humans (Snake:4)
  36 fungi
  78 plants
  10 toadstools (Lair:2)
128 creatures vanquished.

Grand Total: 1397 creatures vanquished

Notes
Turn   | Place    | Note
-------+----------+-------------------------------------------
     0 | D:1      | 27snakeeyes612 the Minotaur Berserker began the quest for
                  | the Orb.
     0 | D:1      | Reached XP level 1. HP: 19/19 MP: 0/0
   131 | D:1      | Reached XP level 2. HP: 26/27 MP: 1/1
   380 | D:1      | Reached XP level 3. HP: 32/33 MP: 2/2
   395 | D:1      | Found a faded altar of an unknown god.
   516 | D:1      | Reached ** piety under Trog
  1685 | D:3      | Reached XP level 4. HP: 31/40 MP: 3/3
  2155 | D:4      | Noticed Blork the orc
  2161 | D:4      | Killed Blork the orc
  2162 | D:4      | Reached XP level 5. HP: 47/47 MP: 4/4
  2311 | D:4      | Reached skill level 5 in Axes
  2318 | D:4      | Reached skill level 5 in Fighting
  2318 | D:4      | Reached XP level 6. HP: 56/56 MP: 5/5
  2469 | D:4      | Reached *** piety under Trog
  2767 | D:4      | Found Deeqys's Antique Weapon Emporium.
  3029 | D:5      | Entered Level 5 of the Dungeon
  3048 | D:5      | Found a snail-covered altar of Cheibriados.
  3118 | D:5      | Noticed Grinder
  3126 | D:5      | Paralysed by Grinder for 3 turns
  3135 | D:5      | Paralysed by Grinder for 5 turns
  3144 | D:5      | Killed Grinder
  3145 | D:5      | Reached skill level 5 in Armour
  3145 | D:5      | Reached XP level 7. HP: 58/62 MP: 6/6
  3514 | D:6      | Noticed a steam dragon
  3525 | D:6      | Killed a steam dragon
  3526 | D:6      | Reached skill level 5 in Dodging
  3552 | D:6      | Reached XP level 8. HP: 27/71 MP: 7/7
  4320 | D:7      | Reached **** piety under Trog
  4352 | D:7      | Found a sand-covered staircase.
  4368 | Ossuary  | Entered an ossuary
  4429 | Ossuary  | Reached XP level 9. HP: 81/81 MP: 8/8
  4875 | D:7      | Found a staircase to the Ecumenical Temple.
  4950 | D:7      | Reached ***** piety under Trog
  5371 | D:8      | Reached XP level 10. HP: 82/91 MP: 9/9
  5439 | D:8      | Found Acsy's Antique Weapon Shoppe.
  5554 | D:8      | Received a gift from Trog
  5572 | D:8      | Reached skill level 10 in Fighting
  5572 | D:8      | Reached skill level 10 in Axes
  5668 | D:8      | Found a staircase to the Lair.
  6277 | D:9      | Reached skill level 10 in Armour
  6406 | D:9      | Found Jaiquf's Weapon Emporium.
  7266 | D:10     | Entered Level 10 of the Dungeon
  7581 | D:10     | Reached XP level 11. HP: 84/101 MP: 10/10
  7607 | D:10     | Found an ornate altar of the Wu Jian Council.
  7849 | D:10     | Found an ancient bone altar of Kikubaaqudgha.
  7979 | D:11     | Reached skill level 10 in Dodging
  7979 | D:11     | Received a gift from Trog
  8010 | D:11     | Found a staircase to the Orcish Mines.
  8012 | D:11     | You fall into a shaft and drop 3 floors!
  8252 | D:14     | Noticed a centaur warrior
  8254 | D:14     | Noticed a tengu warrior
  8379 | D:14     | Killed a centaur warrior
  8401 | D:14     | Killed a tengu warrior
  8566 | D:13     | Noticed a centaur warrior
  8580 | D:13     | Killed a centaur warrior
  8646 | D:13     | Noticed a tengu warrior
  8687 | D:13     | Killed a tengu warrior
  8756 | D:13     | Found a gate to the Vaults.
  8756 | D:13     | Noticed an ironbound preserver
  8763 | D:13     | Noticed a centaur warrior
  8770 | D:13     | Noticed a red ugly thing
  9075 | D:12     | Noticed an obsidian statue
  9089 | D:12     | Noticed a sixfirhy
  9225 | D:12     | Reached XP level 12. HP: 101/112 MP: 11/11
  9326 | D:12     | Noticed an eight-headed hydra
  9335 | D:12     | Killed a five-headed hydra
  9485 | D:12     | Noticed a centaur warrior
  9497 | D:12     | Killed a centaur warrior
  9828 | Lair:1   | Entered Level 1 of the Lair of Beasts
  9907 | Lair:1   | Noticed a six-headed hydra
  9917 | Lair:1   | Killed a five-headed hydra
 11020 | Lair:2   | Reached skill level 1 in Shields
 11081 | Lair:2   | Noticed Prince Ribbit
 11097 | Lair:2   | Killed Prince Ribbit
 11107 | Lair:2   | Received a gift from Trog
 11271 | Lair:2   | Noticed a death yak
 11288 | Lair:2   | Killed a death yak
 11289 | Lair:2   | Reached XP level 13. HP: 113/122 MP: 12/12
 11528 | Lair:2   | Noticed a dire elephant
 11548 | Lair:2   | Found a runed translucent door.
 11617 | Lair:2   | Killed a dire elephant
 12315 | Lair:3   | Reached skill level 5 in Shields
 12865 | Lair:3   | Found a staircase to the Shoals.
 12967 | Lair:4   | Found a staircase to the Snake Pit.
 13159 | Lair:4   | Noticed Rupert
 13167 | Lair:4   | Paralysed by Rupert for 5 turns
 13181 | Lair:4   | HP: 6/124 [Rupert/+2 vampiric triple sword (4)]
 13189 | Lair:4   | Killed Rupert
 14171 | Lair:5   | Found a white marble altar of Elyvilon.
 14418 | Lair:6   | Entered Level 6 of the Lair of Beasts
 14525 | Lair:6   | Reached XP level 14. HP: 115/133 MP: 13/13
 14596 | Lair:6   | Cast into level 2 of the Abyss (spriggan)
 14798 | Lair:6   | Escaped the Abyss
 14876 | Lair:6   | Found a corrupted altar of Lugonu.
 14876 | Lair:6   | Found a one-way gate to the infinite horrors of the Abyss.
 15061 | Lair:6   | Reached skill level 15 in Axes
 15064 | Lair:6   | Reached skill level 15 in Fighting
 15440 | Lair:6   | Reached skill level 15 in Armour
 15470 | Lair:6   | Identified the +7 trident "Nuaraugu" {protect, rElec Will+}
 15513 | Lair:6   | Found a staircase to the Slime Pits.
 15527 | Lair:6   | Found a viscous altar of Jiyva.
 15927 | Lair:6   | Received a gift from Trog
 16827 | D:13     | Identified the +1 whip of Conformity {flame, rF+++ rC-
                  | Int+2 Dex+2}
 16941 | D:13     | Killed an ironbound preserver
 17233 | D:14     | Found a stormy altar of Qazlal.
 17314 | D:14     | Identified Roxanne's Almanac of the Weaver
 17314 | D:14     | Noticed Roxanne
 17464 | D:14     | Killed Roxanne
 17765 | D:15     | Entered Level 15 of the Dungeon
 17776 | D:15     | Noticed Nessos
 17791 | D:15     | Killed Nessos
 17792 | D:15     | Reached XP level 15. HP: 90/143 MP: 14/14
 17914 | D:15     | Noticed Josephine
 17921 | D:15     | HP: 4/135 [Josephine/ghostly fireball (22)]
 18067 | D:15     | Identified the +3 chain mail of Insurance {rF+ MP-9 Dex+4}
 18151 | D:15     | Killed Josephine
 18591 | D:15     | Reached skill level 10 in Shields
 18821 | D:15     | Found a staircase to the Depths.
 19054 | D:11     | Noticed Amaemon
 19072 | D:11     | Killed Amaemon
 19102 | Orc:1    | Entered Level 1 of the Orcish Mines
 19599 | Orc:1    | Found Ymeaf's Antique Armour Boutique.
 19611 | Orc:1    | Bought a pair of runed gloves for 180 gold pieces
 19760 | Orc:2    | Entered Level 2 of the Orcish Mines
 19772 | Orc:2    | Reached skill level 15 in Dodging
 20061 | Orc:2    | Noticed an orc warlord
 20079 | Orc:2    | Killed an orc warlord
 20127 | Orc:2    | Found Ipekimm's Distillery.
 20136 | Orc:2    | Reached ****** piety under Trog
 20423 | Orc:2    | Found Kuwais's Jewellery Emporium.
 20855 | Orc:2    | Found Miunekur's Antique Armour Boutique.
 20878 | Orc:2    | Found Asmenecab's Antique Armour Shop.
 20884 | Orc:2    | Identified the +1 demon blade of the Three Priests {flame,
                  | Fly SInv} (Trog gifted it to you on level 2 of the Orcish
                  | Mines)
 20884 | Orc:2    | Received a gift from Trog
 21158 | Orc:2    | Found the +7 lajatang of Order {silver, rMut}
 21422 | Orc:2    | Found a staircase to the Elven Halls.
 21973 | Shoals:1 | Entered Level 1 of the Shoals
 22078 | Lair:3   | Reached XP level 16. HP: 81/154 MP: 15/15
 22852 | Shoals:1 | Identified the +1 chain mail "Tusiwkes" {Rampage rN+ Will+
                  | Dex-5}
 23434 | Shoals:2 | Identified the +0 pair of boots "Linamiow" {Dex+5}
 23970 | Shoals:3 | Identified the ring "Jifyaf" {rF+ rN++ Int-3 Slay+2 Stlth+}
 24097 | Shoals:3 | Received a gift from Trog
 24516 | Shoals:4 | Entered Level 4 of the Shoals
 24663 | Shoals:4 | Paralysed by an air elemental for 1 turns
 24882 | Shoals:4 | Noticed Polyphemus
 24894 | Shoals:4 | Killed Polyphemus
 25121 | Shoals:4 | Identified the +0 helmet "Ecukk" {rN+ rCorr}
 25309 | Shoals:4 | Noticed a titan
 25327 | Shoals:4 | Killed a titan
 25328 | Shoals:4 | Reached XP level 17. HP: 124/163 MP: 16/16
 25349 | Shoals:4 | Got a barnacled rune of Zot
 25433 | Shoals:4 | Identified the +8 rapier "Zienadij" {venom, *Slow rPois
                  | Str+4}
 25660 | Shoals:4 | Paralysed by an air elemental for 1 turns
 25739 | Shoals:4 | Paralysed by an air elemental for 1 turns
 25965 | Shoals:4 | Paralysed by an air elemental for 1 turns
 25967 | Shoals:4 | Paralysed by an air elemental for 1 turns
 25970 | Shoals:4 | Paralysed by an air elemental for 1 turns
 26702 | Snake:1  | Entered Level 1 of the Snake Pit
 26881 | Snake:1  | Received a gift from Trog
 29030 | Snake:3  | Noticed Siov's ghost (journeyman BaAE)
 29060 | Snake:3  | Found a runed translucent door.
 29187 | Snake:3  | Noticed Saint Roka
 29209 | Snake:3  | Killed Saint Roka
 29341 | Snake:3  | Received a gift from Trog
 30331 | Snake:3  | Killed Siov's ghost
 30368 | Snake:4  | Entered Level 4 of the Snake Pit
 30612 | Snake:4  | Noticed Vashnia
 31367 | Snake:4  | Noticed Kirke
 31412 | Snake:3  | Killed Kirke
 32545 | Snake:4  | Reached XP level 18. HP: 146/176 MP: 17/17
 32903 | Snake:4  | Killed Vashnia
 34025 | Snake:4  | Reached skill level 15 in Shields
 34460 | Snake:4  | Got a serpentine rune of Zot
 35019 | Vaults:1 | Entered Level 1 of the Vaults
 35173 | Vaults:1 | Received a gift from Trog
 35936 | Vaults:1 | Found a transporter.
 35944 | Vaults:1 | Found a transporter.
 36238 | Vaults:1 | Reached XP level 19. HP: 107/185 MP: 18/18
 36857 | Vaults:2 | Received a gift from Trog
 37261 | Vaults:2 | Lost intelligence.
 37286 | Vaults:2 | Annihilated by a dire elephant

Illustrated notes

Levels and vault maps discovered:
D:1:      lemuel_arrival_room, layout_rooms,
          shapermc_ecumenical_altar_hornbeckon
D:2:      cheibrodos_helix_gallery, layout_rooms, minmay_puff
D:3:      layout_basic
D:4:      minmay_evil_eye, layout_basic, kennysheep_small_square,
          uniq_blork_the_orc
D:5:      layout_gridville, nicolae_overflow_hidden_temple, item_on_display_a,
          uniq_grinder
D:6:      layout_loops_cross
D:7:      layout_cave_pools, minmay_temple_entry_grid,
          nicolae_ossuary_entry_monument, chequers_decorated_corner,
          minmay_splitting_lines, minmay_checkerbox
D:8:      layout_cave_pods, grunt_lair_entry_orc_guard_hut, roderic_batcave,
          minmay_shop_grid_forest
D:9:      layout_basic, serial_shops, shop, evilmike_butchery
D:10:     layout_rooms, nicolae_wu_jian_immortal_techniques,
          lemuel_zombie_altar_kikubaaqudgha, hangedman_tell_no_tales
D:11:     layout_basic, erik_orc_4, kennysheep_generic_room_10, uniq_amaemon
D:12:     layout_rooms, minivault_16
D:13:     layout_basic, skrybe_vaults_entry_preservation
D:14:     layout_roguey, nicolae_qazlal_general_emergency,
          minmay_protected_statue, uniq_roxanne
D:15:     grunt_enter_depths_magical_seal, layout_small_grid,
          minmay_misc_feat_ornament, item_on_display_a, uniq_josephine,
          uniq_nessos
Lair:1:   layout_layer_cave, nicolae_quartered_pool_medium,
          dreamdust_gnoll_shepherd
Lair:2:   gammafunk_lair_enchanted_lake, layout_hall_layers,
          serial_bayou_pond_d, hangedman_lair_generics_rect, lemuel_fruit_tree,
          uniq_prince_ribbit2
Lair:3:   layout_layer_cave, minmay_shoals_entry_hut, guppyfry_lair_drakes
Lair:4:   layout_cave_pods, minmay_snake_entry_guardpost_small,
          serial_bayou_shore_a, grunt_megastairs_4, uniq_rupert
Lair:5:   statuecave_lemuel, layout_hall_layers, basic_altar, grunt_megastairs_5
Lair:6:   hellmonk_lair_end_abyssal_woods, layout_loops_ring, slime_altar_1,
          st_stairs_9, serial_bayou_pond_a
Shoals:1: layout_shoals
Shoals:2: layout_shoals
Shoals:3: layout_shoals, nicolae_shoals_shepherds
Shoals:4: shoals_end_hellmonk_storm_palace [storm_palace_center_ruins,
          storm_palace_corner_grid, storm_palace_corner_grid,
          storm_palace_corner_grid, storm_palace_corner_narrow], serial_shops,
          uniq_polyphemus
Snake:1:  layout_misc_corridors
Snake:2:  layout_layer_cave
Snake:3:  layout_onion_interference, hellmonk_ghost_happy_afterlife,
          st_stairs_5, uniq_saint_roka
Snake:4:  snake_pit_salamanders_mu, layout_rooms, statue_in_the_mist_lemuel,
          nicolae_snake_bzzzt, uniq_kirke, uniq_vashnia
Orc:1:    layout_caves, serial_shops, nicolae_square_shop, shop, led_sif_book,
          uniq_jorgrun, uniq_gastronok
Orc:2:    pubby_orc_utopia
Vaults:1: portal_desolation_entry_nicolae_nacl, v_rooms_4,
          vaults_room_stairs_pillars, gammafunk_sealed_arena,
          dpeg_vaults_monster_row, v_misc_29, nicolae_vaults_border_crossing,
          layout_vaults_chaotic_city
Vaults:2: gammafunk_sealed_library, grunt_vaults_focal, vaults_room_pools,
          hangedman_vaults_slice, hangedman_vaults_cutoff,
          nicolae_vaults_little_squares_5, v_misc_5, layout_vaults_quadrants,
          serial_shops, nicolae_shop_advertising_works
          [nicolae_subvault_shop_adworks]

Skill      XL: |  1  2  3  4  5  6  7  8  9 10 11 12 13 14 15 16 17 18 19 |
---------------+----------------------------------------------------------+-----
Fighting       | 4 5 6 8 9 10 12 13 14 15 16 17 19 20 | 20.7
Axes           | 4 5 6 8 9 10 12 13 14 15 16 17 18 | 18.5
Armour         | 3 4 5 6 7 8 10 12 13 14 15 16 17 18 20 | 20.5
Dodging        | 3 4 5 6 8 9 11 12 13 14 15 16 17 18 19 | 19.0
Shields        | 3 6 9 11 12 14 16 | 16.8

Action                   |  1- 3 |  4- 6 |  7- 9 | 10-12 | 13-15 | 16-18 | 19-21 || total
-------------------------+-------+-------+-------+-------+-------+-------+-------++-------
Melee: Hand axe          |    99 |    99 |   350 |   863 |       |       |       ||  1411
       Headbutt          |    11 |    16 |    76 |   230 |   311 |   337 |    66 ||  1047
       Punch             |     2 |     1 |     2 |     9 |     8 |       |       ||    22
       Broad axe         |       |       |       |    26 |  1200 |  1384 |   197 ||  2807
       Battleaxe         |       |       |       |    25 |       |       |       ||    25
Invok: Berserk           |       |     1 |       |     2 |     4 |     5 |     1 ||    13
       Trog's Hand       |       |       |       |     3 |     6 |    16 |     1 ||    26
       Brothers in Arms  |       |       |       |       |     6 |     5 |       ||    11
  Use: Scroll            |       |       |    23 |     9 |    12 |    10 |       ||    54
       Potion            |       |       |       |       |     4 |     7 |     1 ||    12
 Stab: Petrified         |       |       |       |       |     5 |       |       ||     5
       Distracted        |       |       |       |       |     1 |     1 |       ||     2
Armor: Chain mail        |    50 |    62 |   138 |       |       |    80 |       ||   330
       Animal skin       |     4 |       |       |       |       |       |       ||     4
       Plate armour      |       |       |    21 |   113 |       |       |       ||   134
       Crystal plate arm |       |       |       |   505 |   776 |   854 |   200 ||  2335
Dodge: Dodged            |    60 |    45 |   185 |   616 |   581 |   656 |   116 ||  2259
Block: Kite shield       |       |       |       |       |   484 |   995 |   154 ||  1633

Table legend: (Time is in decaauts)
 A = Elapsed time spent in this place.
 B = Non-inter-level travel time spent in this place.
 C = Inter-level travel time spent in this place.
 D = Time resting spent in this place.
 E = Time spent auto-exploring this place.
 F = Levels seen in this place.
 G = Mean time per level.
                   A        B        C        D        E       F      G
               +--------+--------+--------+--------+--------+-----+--------+
         Total |  37255 |  33739 |   3516 |   4688 |  20680 |  35 | 1064.4 |
       Dungeon |  13224 |  11727 |   1497 |    934 |   7904 |  15 |  881.6 |
          Lair |   6969 |   6203 |    766 |    269 |   4684 |   6 | 1161.5 |
        Shoals |   4021 |   3867 |    154 |    447 |   2160 |   4 | 1005.2 |
     Snake Pit |   8110 |   7280 |    830 |   2570 |   3240 |   4 | 2027.5 |
  Orcish Mines |   2291 |   2067 |    224 |    214 |   1194 |   2 | 1145.5 |
        Vaults |   2083 |   2041 |     42 |    252 |   1175 |   2 | 1041.5 |
         Abyss |    200 |    200 |      0 |      0 |    161 |   1 |  200.0 |
       Ossuary |    353 |    353 |      0 |      0 |    160 |   1 |  353.0 |
               +--------+--------+--------+--------+--------+-----+--------+

Top non-repeatable levels by time:
 Snake:3: 4320 daAuts
   Orc:2: 2047 daAuts
 Snake:4: 1895 daAuts
Vaults:1: 1769 daAuts
  Lair:6: 1565 daAuts
Shoals:4: 1455 daAuts
  Lair:1: 1437 daAuts
     D:9: 1343 daAuts
  Lair:3: 1337 daAuts
    D:13: 1228 daAuts
     D:8: 1167 daAuts
    D:15: 1163 daAuts
 Snake:2: 1132 daAuts
    D:14: 1072 daAuts
  Lair:2: 1047 daAuts
